 Dungeon Crawl Stone Soup version 0.26.0-7-g794d0892b4 (webtiles) character file.

Game seed: 12891564814241120863

7898 DerHolg the Slicer (level 11, -38/75 HPs)
             Began as a Halfling Fighter on Jan 11, 2021.
             Was a Priest of Wu Jian.
             Killed from afar by a wizard (59 damage)
             ... with a crystal spear
             ... on level 10 of the Dungeon.
             The game lasted 00:57:06 (11407 turns).

DerHolg the Slicer (Halfling Fighter)              Turns: 11407, Time: 00:57:07

Health: -38/75     AC: 17    Str: 20    XL:     11   Next: 45%
Magic:  11/11      EV: 13    Int:  6    God:    Wu Jian [***...]
Gold:   68         SH: 12    Dex: 15    Spells: 10/10 levels left

rFire    + . .     SeeInvis .   a - +4 short sword (elec)
rCold    x . .     Faith    .   c - +0 kite shield
rNeg     . . .     Spirit   .   m - +0 chain mail
rPois    .         Reflect  .   F - +1 helmet
rElec    .         Harm     .   (no cloak)
rCorr    .         Rampage  .   (no gloves)
Will     .....                  t - +2 pair of boots {Stlth+}
Stlth    ..........             (no amulet)
HPRegen  0.22/turn              h - ring of fire
MPRegen  0.12/turn              j - ring of stealth

@: about to teleport
A: small, mutation resistance 1
a: Renounce Religion, Wall Jump, Serpent's Lash


You were on level 10 of the Dungeon.
You worshipped Wu Jian.
Wu Jian was most pleased with you.
You visited 3 branches of the dungeon, and saw 12 of its levels.

You collected 473 gold pieces.
You spent 405 gold pieces at shops.

Inventory:

Hand Weapons
 a - a +4 short sword of electrocution (weapon)
 b - a +0 fustibalus
 g - a +0 club
Missiles
 e - 195 stones (quivered)
 k - 48 sling bullets
Armour
 c - a +0 kite shield (worn)
 m - a +0 chain mail (worn)
 t - a +2 pair of boots of stealth (worn)
 F - a +1 helmet (worn)
Jewellery
 h - a ring of fire (left hand)
 j - a ring of stealth (right hand)
Wands
 f - a wand of flame (11)
 v - a wand of polymorph (10)
 x - a wand of acid (6)
 A - a wand of iceblast (7)
 C - a wand of disintegration (17)
Scrolls
 q - a scroll of magic mapping
 r - a scroll of enchant armour
 w - 4 scrolls of remove curse
 y - 4 scrolls of amnesia
 B - 2 scrolls of identify
 D - a scroll of summoning {unknown}
 E - a scroll of random uselessness {unknown}
Potions
 d - 2 potions of curing
 i - 2 potions of invisibility
 l - a potion of cancellation
 o - a potion of brilliance {unknown}
 p - 3 potions of resistance
 s - a potion of ambrosia {unknown}
 u - 2 potions of heal wounds {unknown}
 z - a potion of might
 G - a potion of mutation {unknown}


   Skills:
 + Level 7.3 Fighting
 + Level 9.3 Short Blades
 + Level 5.0 Slings
 + Level 8.9 Armour
 + Level 8.1 Dodging
 + Level 8.8 Shields


You had 10 spell levels left.
You didn't know any spells.
Your spell library contained the following spells:

 Spells                   Type           Power        Failure   Level
 Shock                    Conj/Air       0%           100%        1
 Swiftness                Air            0%           100%        2
 Static Discharge         Conj/Air       0%           100%        3
 Airstrike                Air            0%           100%        4
 Lightning Bolt           Conj/Air       0%           100%        5


Dungeon Overview and Level Annotations

Branches:
Dungeon (10/15)            Temple (1/1) D:7             Orc (1/2) D:9
   Lair: D:8-11

Altars:
Elyvilon
Makhleb
Qazlal
Sif Muna
Uskayaw
Wu Jian
Yredelemnul
The Shining One
Beogh

Shops:
D:8 (   D:9 =   Orc:1 [

Annotations:
D:6 1 runed translucent door, ikjuyhgtrf's ghost, novice DDFi
D:8 5 exclusions


Innate Abilities, Weirdness & Mutations

You are small and have problems with some larger weapons.
You are somewhat resistant to further mutation.


Message History

Something hits you but does no damage. Something completely misses you.
Your surroundings suddenly seem different.
A wizard comes into view. It is wielding a +0 dagger.
The wizard shouts!
You hear a shout!
Found 8 silver javelins.
A wizard comes into view. It is wielding a +0 dagger.
As you read the scroll of teleportation, it crumbles to dust.
You feel strangely unstable.
The wizard shouts!
You block the wizard's attack.
You spin and attack the wizard.
You puncture the wizard! Lightning courses through the wizard!!
The wizard is severely wounded.
The wizard hits you but does no damage.
You spin and attack the wizard.
You closely miss the wizard.
The wizard is severely wounded.
The wizard gestures at you while chanting.
The crystal spear hits you!!!
Ouch! That really hurt!
You die...

# #.#.(...##
.....(....#
#.#........
.....(....
..#..Y..# ######
.#..(..#
##....## .##...#
##......##
.##..#
#..p@.§§.#
.#..##
#....##.§§.#
.#§§§## ..p...##
.§##
##p{§§##......##
##
##§§§§§##....#
...§§§§§#####
#...§§§##
....§§## .....##


You could see 2 wizards.

Vanquished Creatures
  An orc high priest (Orc:1)
  2 wizards (D:10)
  Pikel (D:5)
  A kobold demonologist (D:8)
  2 trolls
  A hornet (D:8)
  Sigmund (D:6)
  A wraith (D:9)
  2 wyverns
  Eustachio (D:5)
  A steam dragon (D:10)
  2 wargs (D:9)
  Duvessa (D:7)
  10 orc warriors
  3 phantoms
  An ice beast (D:9)
  4 sky beasts
  3 ogres
  A necrophage (D:10)
  A lemure (D:5)
  3 bullfrogs
  Dowan (D:7)
  A water moccasin skeleton (D:4)
  3 electric eels (D:8)
  2 quasits
  3 bullfrog skeletons
  4 hounds
  2 jellies
  5 orc priests
  2 centaur skeletons
  An iguana (D:8)
  14 orc wizards
  5 worker ants
  A killer bee zombie (D:8)
  A hound skeleton (D:4)
  Robin (D:2)
  A worker ant zombie (D:8)
  4 gnolls
  7 adders
  A shadow imp (D:8)
  3 white imps
  3 ufetubi
  2 oozes
  An adder skeleton (D:8)
  An adder zombie (D:5)
  2 dart slugs
  3 leopard geckos
  49 orcs
  5 bats
  4 giant cockroaches
  6 hobgoblins (D:2)
  18 jackals
  5 kobolds
  7 quokkas
  3 ball pythons
  A frilled lizard (D:3)
  10 goblins
  A leopard gecko skeleton (D:9)
  A leopard gecko zombie (D:5)
  A quokka skeleton (D:5)
  A quokka zombie (D:8)
  2 rats (D:3)
231 creatures vanquished.

Vanquished Creatures (others)
  85 plants (D:8)
  2 withered plants (D:6)
87 creatures vanquished.

Grand Total: 318 creatures vanquished

Notes
Turn   | Place    | Note
-------+----------+-------------------------------------------
     0 | D:1      | DerHolg the Halfling Fighter began the quest for the Orb.
     0 | D:1      | Reached XP level 1. HP: 15/15 MP: 1/1
   110 | D:1      | You fall into a shaft and drop 1 floor!
   165 | D:2      | Reached XP level 2. HP: 20/20 MP: 2/2
   200 | D:2      | Noticed Robin
   217 | D:2      | Killed Robin
   218 | D:2      | Reached skill level 1 in Dodging
   218 | D:2      | Reached XP level 3. HP: 25/25 MP: 3/3
   235 | D:2      | Reached skill level 3 in Short Blades
   649 | D:2      | Reached XP level 4. HP: 31/31 MP: 4/4
  1214 | D:3      | Reached XP level 5. HP: 36/36 MP: 5/5
  2258 | D:4      | Reached XP level 6. HP: 33/42 MP: 6/6
  2422 | D:4      | Reached skill level 4 in Short Blades
  2610 | D:4      | Noticed a phantom
  2697 | D:4      | Killed a phantom
  2941 | D:5      | Entered Level 5 of the Dungeon
  2941 | D:5      | Noticed Eustachio
  2982 | D:5      | Killed Eustachio
  2983 | D:5      | Reached XP level 7. HP: 31/47 MP: 7/7
  3123 | D:5      | Found an ornate altar of the Wu Jian Council.
  3131 | D:5      | Became a worshipper of the Wu Jian Council
  3311 | D:5      | Found a shimmering blue altar of Sif Muna.
  3543 | D:5      | Found a basalt altar of Yredelemnul.
  3639 | D:5      | Reached skill level 5 in Armour
  3639 | D:5      | Reached skill level 5 in Shields
  3851 | D:5      | Found a white marble altar of Elyvilon.
  3879 | D:5      | Reached skill level 5 in Short Blades
  3914 | D:5      | Reached XP level 8. HP: 38/54 MP: 8/8
  4334 | D:6      | Noticed Pikel
  4411 | D:5      | Killed Pikel
  4706 | D:6      | Noticed Sigmund
  4717 | D:6      | Killed Sigmund
  4718 | D:6      | Reached skill level 5 in Fighting
  4718 | D:6      | Reached skill level 6 in Short Blades
  4718 | D:6      | Reached skill level 5 in Dodging
  4718 | D:6      | Reached XP level 9. HP: 61/61 MP: 9/9
  4978 | D:6      | Found a runed translucent door.
  4978 | D:6      | Noticed ikjuyhgtrf's ghost (novice DDFi)
  5491 | D:7      | Noticed Duvessa
  5515 | D:7      | Killed Duvessa
  5571 | D:7      | Noticed Dowan
  5581 | D:7      | Found a staircase to the Ecumenical Temple.
  5606 | D:7      | Killed Dowan
  5919 | Temple   | Entered the Ecumenical Temple
  5954 | D:7      | Found a glowing golden altar of the Shining One.
  6071 | D:7      | Reached * piety under Wu Jian
  6272 | D:7      | Found a stormy altar of Qazlal.
  6338 | D:7      | Found a white marble altar of Elyvilon.
  6338 | D:7      | Found a hide-covered altar of Uskayaw.
  6339 | D:7      | Found a burning altar of Makhleb.
  6477 | D:7      | Reached skill level 7 in Short Blades
  6698 | D:8      | Found Woewn's Antique Weapon Shoppe.
  6761 | D:8      | Noticed a hornet
  6777 | D:8      | Killed a hornet
  7190 | D:8      | Noticed a kobold demonologist
  7204 | D:8      | Killed a kobold demonologist
  7205 | D:8      | Reached XP level 10. HP: 68/68 MP: 10/10
  8861 | D:9      | Reached ** piety under Wu Jian
  8862 | D:9      | Reached skill level 8 in Short Blades
  9230 | D:8      | Bought a fustibalus for 405 gold pieces
  9248 | D:9      | Found Narhumma's Jewellery Shoppe.
  9410 | D:9      | Found a roughly hewn altar of Beogh.
  9413 | D:9      | Found a staircase to the Orcish Mines.
  9477 | D:9      | Reached skill level 1 in Slings
  9791 | D:9      | Reached *** piety under Wu Jian
  9947 | D:10     | Entered Level 10 of the Dungeon
  9970 | D:10     | Noticed a wizard
 10144 | D:10     | Killed a wizard
 10159 | D:10     | Reached XP level 11. HP: 74/74 MP: 11/11
 10683 | Orc:1    | Entered Level 1 of the Orcish Mines
 10841 | Orc:1    | Noticed an orc high priest
 10934 | Orc:1    | Killed an orc high priest
 10935 | Orc:1    | Reached skill level 9 in Short Blades
 11066 | Orc:1    | Found Giojus's Antique Armour Shop.
 11142 | Orc:1    | Noticed an orc knight
 11278 | D:10     | Noticed a wizard
 11298 | D:10     | Killed a wizard
 11342 | D:10     | Reached skill level 5 in Slings
 11390 | D:10     | Noticed a wizard
 11404 | D:10     | Noticed a wizard
 11405 | D:10     | Noticed a wizard
 11407 | D:10     | Killed from afar by a wizard

Illustrated notes

Levels and vault maps discovered:
D:1:      dpeg_arrival_tiny_a, layout_basic, serial_co_window_serial,
          co_window_cross_1, co_window_cross_1, co_window_of_opportunity_a,
          co_window_paths_a, co_window_paths_a, co_window_cross_2,
          co_window_broadway_a, co_window_corner_b, co_window_of_opportunity_c,
          co_window_of_opportunity_c, co_window_corner_b, co_window_4corner_a,
          co_window_paths_d, glass_columns_c, glass_columns_a, glass_columns_a,
          minmay_tromino_i2
D:2:      layout_basic, uniq_robin
D:3:      layout_basic
D:4:      layout_cave_pools
D:5:      layout_gridville, nicolae_overflow_hidden_temple,
          yredelemnul_altar_generic, basic_altar, elyvilon_altar_5,
          uniq_eustachio
D:6:      layout_loops_corners, gammafunk_ghost_grave, uniq_sigmund, uniq_pikel
D:7:      layout_loops_ring, chequers_temple_overflow_statue_of_worship,
          lemuel_crystal_altar, minmay_temple_entry_sparse_star, uniq_duvessa
D:8:      layout_loops_ring, serial_bayou, serial_bayou_pond_c,
          serial_bayou_shore_a, serial_bayou_lake_a, serial_bayou_lagoon_a,
          serial_shops, shop
D:9:      layout_roguey, david_orc_5, serial_shops, nicolae_shop_trees
D:10:     minmay_smoke_and_mirrors, layout_loops_ring, dpeg_oklobed_lair
Temple:   regret_index_temple_generic_petals
Orc:1:    layout_caves, basic_altar, serial_shops, shop

Skill      XL: |  1  2  3  4  5  6  7  8  9 10 11 |
---------------+----------------------------------+-----
Dodging        | 1 2 3 5 6 7 8 |  8.1
Fighting       | 3 4 5 6 7 |  7.3
Short Blades   | 3 4 5 6 7 8 9 |  9.3
Armour         | 4 5 6 7 8 |  8.9
Shields        | 4 5 6 7 8 |  8.8
Slings         | 3 5 |  5.0

Action                   |  1- 3 |  4- 6 |  7- 9 | 10-12 || total
-------------------------+-------+-------+-------+-------++-------
Melee: Rapier            |    69 |   216 |   180 |       ||   465
       Short sword       |       |       |   116 |   445 ||   561
 Fire: Fustibalus        |       |       |       |    37 ||    37
Invok: Lunge             |       |       |    33 |    47 ||    80
       Whirlwind         |       |       |     7 |    64 ||    71
Evoke: Wand              |       |       |     2 |       ||     2
  Use: Potion            |     1 |       |     3 |     1 ||     5
       Scroll            |       |     4 |    12 |     2 ||    18
 Stab: Invisible         |       |       |     2 |       ||     2
Armor: Scale mail        |    20 |    28 |       |       ||    48
       Chain mail        |       |    98 |    83 |   121 ||   302
Dodge: Dodged            |    16 |    98 |    67 |   115 ||   296
Block: Kite shield       |    29 |   143 |   113 |   182 ||   467
